 Dungeon Crawl Stone Soup version 0.26-a0-926-g43279f1ce9 (webtiles) character file.

Game seed: 5779991016250746176

127 Peloso the Shield-Bearer (level 4, 0/40 HPs)
             Began as a Minotaur Fighter on Nov 26, 2020.
             Slain by an ogre
             ... wielding a +0 giant club
              (25 damage)
             ... on level 5 of the Dungeon.
             The game lasted 00:06:08 (2341 turns).

Peloso the Shield-Bearer (Minotaur Fighter)         Turns: 2341, Time: 00:06:09

Health: 0/40       AC:  7    Str: 20 (21) XL:     4   Next: 85%
Magic:  3/3        EV:  6    Int:  5      God:
Gold:   123        SH: 16    Dex:  9 (10) Spells: 3/3 levels left

rFire    . . .     SeeInvis .   a - +0 long sword
rCold    . . .     Faith    .   c - +2 tower shield
rNeg     . . .     Spirit   .   b - +0 scale mail
rPois    .         Reflect  .   (helmet restricted)
rElec    .         Harm     .   (no cloak)
rCorr    .         Rampage  .   (no gloves)
MR       .....                  (no boots)
Stlth    ..........             j - amulet of inaccuracy
HPRegen  0.53/turn              (no ring)
MPRegen  0.08/turn              (no ring)

@: mighty
A: retaliatory headbutt, horns 2, deterioration 1, mutation resistance 1,
regeneration 1
a: no special abilities


You were on level 5 of the Dungeon.
You visited 1 branch of the dungeon, and saw 5 of its levels.

You collected 123 gold pieces.

Inventory:

Hand Weapons
 a - a +0 long sword (weapon)
Armour
 b - a +0 scale mail (worn)
 c - a +2 tower shield (worn)
Jewellery
 i - an uncursed ring of protection from cold {unknown}
 j - an amulet of inaccuracy (around neck)
Wands
 k - a wand of digging (7)
Scrolls
 e - 2 scrolls of identify
 f - 2 scrolls of teleportation
 h - a scroll of amnesia {unknown}
 l - a scroll of remove curse
Potions
 d - 2 potions of might
 g - a potion of heal wounds


   Skills:
 + Level 4.0 Fighting
 + Level 4.0 Long Blades
 + Level 4.1 Armour
 + Level 1.0 Dodging
 + Level 0.1 Stealth
 + Level 5.0 Shields


You had 3 spell levels left.
You didn't know any spells.
Your spell library was empty.

Dungeon Overview and Level Annotations

Branches:
Dungeon (5/15)
 Temple: D:4-7

Altars:
Dithmenos
Yredelemnul

Shops:
D:4 [


Innate Abilities, Weirdness & Mutations

You reflexively headbutt those who attack you in melee.
You have a pair of horns on your head.
Your body sometimes deteriorates upon taking damage.
You are somewhat resistant to further mutation.
Your natural rate of healing is unusually fast.


Message History

You hit the jackal but do no damage. You headbutt the jackal.
You kill the jackal!
You block the jackal's attack.
Unknown command.
You feel very mighty all of a sudden. You block the jackal's attack. x2
You slash the ogre!
The ogre is heavily wounded.
You block the jackal's attack. The ogre hits you with a +0 giant club.
Your body deteriorates!
You feel clumsy. You block the jackal's attack.
You barely miss the ogre.
The ogre is heavily wounded.
You block the jackal's attack. The ogre barely misses you.
You slash the ogre!
The ogre is almost dead.
You block the jackal's attack. x2
The ogre hits you with a +0 giant club!!
Ouch! That really hurt!
You die...

# ########
#.#=#......#
.......<...#
#.#.#......###.
......O@......!
#.#.#.h†...###.
.<........#
#.#.#........
......######...
###### .#. #


You could see an ogre and a jackal.

Vanquished Creatures
  2 adders
  An ooze (D:1)
  2 worms (D:2)
  2 dart slugs
  A leopard gecko (D:3)
  2 orcs
  11 giant cockroaches
  16 goblins
  10 hobgoblins
  4 jackals
  6 kobolds
  2 quokkas
  11 bats
  5 frilled lizards
  7 rats
82 creatures vanquished.

Notes
Turn   | Place    | Note
-------+----------+-------------------------------------------
     0 | D:1      | Peloso the Minotaur Fighter began the quest for the Orb.
     0 | D:1      | Reached XP level 1. HP: 19/19 MP: 0/0
   100 | D:1      | Reached skill level 4 in Shields
   187 | D:1      | Reached XP level 2. HP: 27/27 MP: 1/1
   403 | D:1      | Reached XP level 3. HP: 33/33 MP: 2/2
   761 | D:2      | Gained mutation: Your body sometimes deteriorates upon
                  | taking damage. [potion of mutation]
   761 | D:2      | Gained mutation: Your natural rate of healing is unusually
                  | fast. [potion of mutation]
   761 | D:2      | Gained mutation: You are somewhat resistant to further
                  | mutation. [potion of mutation]
  1014 | D:2      | Reached XP level 4. HP: 40/40 MP: 3/3
  1016 | D:2      | Found a shadowy altar of Dithmenos.
  1405 | D:3      | Found a basalt altar of Yredelemnul.
  1648 | D:3      | Reached skill level 1 in Dodging
  2194 | D:4      | Found Ammarec's Antique Armour Emporium.
  2305 | D:4      | Reached skill level 5 in Shields
  2331 | D:5      | Entered Level 5 of the Dungeon
  2334 | D:5      | Noticed an ogre
  2341 | D:5      | Slain by an ogre

Illustrated notes

Levels and vault maps discovered:
D:1:      giann_horns, layout_rooms
D:2:      layout_loops_ring, old_standard_altar, minmay_pentomino_v2
D:3:      layout_loops_ring, minivault_26, corner_web_ring,
          yredelemnul_altar_generic
D:4:      layout_loops_ring, overflow_temple_1_default,
          minmay_temple_entry_hall, serial_shops, shop,
          nicolae_shop_overgrown_old_shop, nicolae_shop_stone,
          kennysheep_mini_moat, nicolae_shop_statue_plus
D:5:      layout_loops_ring, st_stairs_8, chequers_serial_rivers_small_a,
          nicolae_ashenzari_panopticon

Skill      XL: |  1  2  3  4 |
---------------+-------------+-----
Shields        | 4 5 |  5.0
Long Blades    | 3 4 |  4.0
Armour         | 4 |  4.1
Fighting       | 4 |  4.0
Dodging        | 1 |  1.0
Stealth        | |  0.1

Action                   |  1- 3 |  4- 6 || total
-------------------------+-------+-------++-------
Melee: Long sword        |   113 |    98 ||   211
       Headbutt          |    17 |     9 ||    26
  Use: Potion            |     3 |     1 ||     4
       Scroll            |       |     4 ||     4
Armor: Scale mail        |    45 |    46 ||    91
Dodge: Dodged            |    25 |    25 ||    50
Block: Kite shield       |    73 |    25 ||    98
       Tower shield      |       |    68 ||    68
       Rpst.: Long sword |     4 |    10 ||    14

Table legend: (Time is in decaauts)
 A = Elapsed time spent in this place.
 B = Non-inter-level travel time spent in this place.
 C = Inter-level travel time spent in this place.
 D = Time resting spent in this place.
 E = Time spent auto-exploring this place.
 F = Levels seen in this place.
 G = Mean time per level.
                   A        B        C        D        E       F      G
               +--------+--------+--------+--------+--------+-----+--------+
         Total |   2408 |   2360 |     48 |      0 |   1614 |   5 |  481.6 |
       Dungeon |   2408 |   2360 |     48 |      0 |   1614 |   5 |  481.6 |
               +--------+--------+--------+--------+--------+-----+--------+

Top non-repeatable levels by time:
     D:3: 841 daAuts
     D:1: 776 daAuts
     D:2: 637 daAuts
     D:4: 140 daAuts
     D:5: 11 daAuts
